 Dungeon Crawl Stone Soup version 0.28.0 (webtiles) character file.

Game seed: 9571414615130769044

1588 dolemite99 the Basher (level 8, -5/69 HPs)
             Began as a Gargoyle Fighter on Feb 15, 2022.
             Slain by a sixfirhy (9 damage)
             ... on level 1 of the Abyss.
             The game lasted 00:06:23 (6213 turns).

dolemite99 the Basher (Gargoyle Fighter)            Turns: 6213, Time: 00:06:23

Health: -5/69      AC: 15    Str: 22    XL:     8   Next: 92%
Magic:  8/8        EV:  9    Int:  9    God:
Gold:   219        SH:  4    Dex:  9    Spells: 7/7 levels left

rFire   . . .      SeeInvis .   b - +0 morningstar
rCold   . . .      Faith    .   c - +0 buckler
rNeg    + . .      Spirit   .   C - +0 scale mail
rPois   ∞          Reflect  .   (no helmet)
rElec   +          Harm     .   k - +0 cloak
rCorr   .          Rampage  .   (no gloves)
Will    .....                   i - +1 pair of boots
Stlth   ..........              (no amulet)
HPRegen 0.21/turn               (no ring)
MPRegen 0.11/turn               (no ring)

@: berserking (expiring), very quick
A: sickness immunity, AC +5, negative energy resistance 1, electricity
resistance, torment resistance 1, petrification resistance
a: no special abilities


You were on level 1 of the Abyss.
You visited 1 branch of the dungeon, and saw 5 of its levels.
You visited the Abyss 1 time.

You collected 219 gold pieces.

Inventory:

Hand Weapons
 a - a +0 flail
 b - a +0 morningstar (weapon)
 f - a +1 whip of freezing
 h - a +0 hunting sling
 y - a +0 dagger of holy wrath
Missiles
 o - 37 bolts
 s - 3 boomerangs
 u - 50 sling bullets
 A - 3 silver javelins
 D - 40 stones
Armour
 c - a +0 buckler (worn)
 i - a +1 pair of boots (worn)
 k - a +0 cloak (worn)
 C - a +0 scale mail (worn)
Jewellery
 n - a ring of magical power
Wands
 E - a wand of digging (2)
Scrolls
 e - 3 scrolls of immolation {unknown}
 g - a scroll of fear {unknown}
 j - a scroll of holy word {unknown}
 l - a scroll of magic mapping {unknown}
 m - a scroll of blinking {unknown}
 p - 2 scrolls of vulnerability {unknown}
 v - a scroll of silence {unknown}
 w - a scroll of identify {@r1}
 z - a scroll of noise {unknown}
Potions
 d - 2 potions of resistance {unknown}
 q - a potion of berserk rage
 r - a potion of flight {unknown}
 t - a potion of degeneration {unknown}
 x - 3 potions of lignification {unknown}
 B - a potion of curing {unknown}


   Skills:
 - Level 3.2 Fighting
 - Level 10.6 Maces & Flails
 - Level 3.2 Armour
 + Level 4.8 Shields


You had 7 spell levels left.
You didn't know any spells.
Your spell library contained the following spells:

 Spells                   Type           Power      Damage    Failure   Level
 Gell's Gravitas          Tloc           0%         N/A       99%         3
 Lesser Beckoning         Tloc           0%         N/A       99%         3
 Teleport Other           Tloc           0%         N/A       99%         3
 Petrify                  Tmut/Erth      0%         N/A       100%        4
 Irradiate                Conj/Tmut      0%         3d13      100%        5
 Summon Forest            Summ/Tloc      0%         N/A       100%        5
 Eringya's Noxious Bog    Tmut/Pois      0%         N/A       100%        6
 Summon Hydra             Summ           0%         N/A       100%        7
 Sublimation of Blood     Necr           Unusable   N/A       N/A         2

Dungeon Overview and Level Annotations

Branches:
Dungeon (5/15)
 Temple: D:4-7

Altars:
Okawaru
Sif Muna
Vehumet
The Shining One

Shops:
D:1 (

Annotations:
D:4 2 runed translucent doors, exclusion: downstairs, shoop's ghost, amateur OgAM


Innate Abilities, Weirdness & Mutations

You are immune to sickness and miasma.
Your stone body is resilient. (AC +5)
You are immune to poison.
You resist negative energy. (rN+)
You are resistant to electric shocks. (rElec)
You are resistant to unholy torment.
You are immune to petrification.


Message History

Found a basalt altar of Yredelemnul.
The sixfirhy barely misses you. The sixfirhy hits you.
* * * LOW HITPOINT WARNING * * *
The sixfirhy shocks you. You resist.
* * * LOW HITPOINT WARNING * * *
The sixfirhy barely misses you. The sixfirhy hits you.
* * * LOW HITPOINT WARNING * * *
The sixfirhy shocks you. You resist.
* * * LOW HITPOINT WARNING * * *
The sixfirhy completely misses you.
A red film seems to cover your vision as you go berserk!
You feel yourself moving faster!
You feel mighty!
You miss the sixfirhy. You barely miss the sixfirhy.
The sixfirhy hits you but does no damage. x2
You closely miss the sixfirhy.
The sixfirhy hits you but does no damage.
The sixfirhy hits you.
* * * LOW HITPOINT WARNING * * *
The sixfirhy shocks you. You resist.
* * * LOW HITPOINT WARNING * * *
The sixfirhy hits you but does no damage.
You closely miss the sixfirhy. The sixfirhy barely misses you.
The sixfirhy hits you but does no damage.
You block the sixfirhy's attack.
You barely miss the sixfirhy. You closely miss the sixfirhy.
You miss the sixfirhy. You sock the sixfirhy!
The sixfirhy is moderately wounded.
You miss the sixfirhy.
The sixfirhy is moderately wounded.
The sixfirhy hits you but does no damage.
The sixfirhy closely misses you.
The sixfirhy hits you but does no damage.
You bludgeon the sixfirhy!!
The sixfirhy is almost dead.
You block the sixfirhy's attack. The sixfirhy hits you!
You die...

.##. # ...## #.
#.#.## #_#####.
#.## ##.. .....#.#
..####. .. ##..#..#
..#.##.#..#....#..#
.# .. .##..#3.###
.'....##...#@..# .
.....##.#....# .# #
#.#.....### ..### .
. # ..##... .... #
.##.. ...#..#.#.##
## ##.####.#.. ...#
..... .∩ ..#.#
#.##.. . #.##.#
..... .. .# .. ...
.... .#.


You could see a sixfirhy.

Vanquished Creatures
  Pikel (D:3)
  A black bear (D:5)
  A necrophage (D:3)
  2 ogres (D:5)
  A centaur (D:5)
  A lemure (D:3)
  2 phantoms (D:4)
  A bullfrog (D:4)
  2 hounds
  A centaur skeleton (D:4)
  4 iguanas
  Natasha (thrice) (D:3)
  2 hound zombies (D:5)
  A howler monkey skeleton (D:5)
  4 adders
  5 gnolls
  3 worms
  7 dart slugs
  4 orcs
  4 ball pythons
  4 endoplasms
  13 giant cockroaches
  4 goblins
  8 hobgoblins
  6 jackals
  2 quokkas
  7 bats
  5 frilled lizards
  9 kobolds
  6 rats
114 creatures vanquished.

Vanquished Creatures (others)
  A ball python (D:1)
  A plant (D:1)
2 creatures vanquished.

Grand Total: 116 creatures vanquished

Notes
Turn   | Place    | Note
-------+----------+-------------------------------------------
     0 | D:1      | dolemite99 the Gargoyle Fighter began the quest for the
                  | Orb.
     0 | D:1      | Reached XP level 1. HP: 14/14 MP: 1/1
    79 | D:1      | Found Ysabul's Weapon Shoppe.
    90 | D:1      | Reached XP level 2. HP: 6/19 MP: 2/2
   199 | D:1      | Reached skill level 3 in Maces & Flails
   749 | D:1      | Reached XP level 3. HP: 21/23 MP: 3/3
  1416 | D:1      | Found a faded altar of an unknown god.
  1743 | D:2      | Reached skill level 4 in Maces & Flails
  1777 | D:2      | Reached XP level 4. HP: 21/28 MP: 4/4
  2549 | D:3      | Found a glowing golden altar of the Shining One.
  2580 | D:3      | Noticed a necrophage
  2590 | D:3      | Killed a necrophage
  2591 | D:3      | Reached skill level 5 in Maces & Flails
  2591 | D:3      | Reached XP level 5. HP: 29/32 MP: 5/5
  2669 | D:3      | Noticed Natasha
  2680 | D:3      | Killed Natasha
  2724 | D:3      | Noticed Natasha
  2744 | D:3      | Killed Natasha
  2745 | D:3      | Reached skill level 6 in Maces & Flails
  2745 | D:3      | Reached XP level 6. HP: 12/37 MP: 6/6
  2824 | D:3      | Noticed Natasha
  3204 | D:3      | Killed Natasha
  3407 | D:3      | Found a radiant altar of Vehumet.
  3645 | D:4      | Reached skill level 7 in Maces & Flails
  3706 | D:4      | Found a shimmering blue altar of Sif Muna.
  3843 | D:4      | Reached XP level 7. HP: 31/41 MP: 7/7
  4292 | D:5      | Entered Level 5 of the Dungeon
  4683 | D:5      | Reached skill level 8 in Maces & Flails
  4723 | D:5      | Found an iron altar of Okawaru.
  4797 | D:4      | Noticed Pikel
  5040 | D:3      | Killed Pikel
  5041 | D:3      | Reached skill level 9 in Maces & Flails
  5041 | D:3      | Reached XP level 8. HP: 28/46 MP: 8/8
  5478 | D:3      | Reached skill level 10 in Maces & Flails
  5626 | D:4      | Found a large runed translucent door.
  5631 | D:4      | Found a large runed translucent door.
  5635 | D:4      | Noticed shoop's ghost (amateur OgAM)
  6150 | D:5      | Cast into level 1 of the Abyss (gnoll)
  6178 | Abyss:1  | Noticed a sixfirhy
  6199 | Abyss:1  | Found a basalt altar of Yredelemnul.
  6206 | Abyss:1  | HP: 3/69 [sixfirhy (4)]
  6213 | Abyss:1  | Slain by a sixfirhy

Illustrated notes

Levels and vault maps discovered:
D:1:      scummos_arrival_hexagon, layout_loops_ring, serial_shops,
          nicolae_shop_temple_entry_statues_fountains,
          shapermc_ecumenical_altar_ellora, minmay_misc_feat_nine_boxes,
          kennysheep_decorative_pillar, st_stairs_6, minmay_bisected
D:2:      minmay_roachtagon, layout_loops_ring, minmay_misc_feat_tiny
D:3:      minmay_angry_zag, layout_basic, tso_altar, general_overflow_altar,
          uniq_natasha
D:4:      layout_cave_pools, overflow_temple_1_default,
          ebering_ghost_disaster_area, minmay_misc_feat_rows, uniq_pikel
D:5:      layout_basic, okawaru_trees_2
Abyss:1:  base:
D:1

Skill      XL: |  1  2  3  4  5  6  7  8 |
---------------+-------------------------+-----
Maces & Flails | 3 4 5 6 7 9 10 | 10.6
Shields        | 4 |  4.8
Fighting       | |  3.2
Armour         | |  3.2

Action                   |  1- 3 |  4- 6 |  7- 9 || total
-------------------------+-------+-------+-------++-------
Melee: Flail             |   148 |   178 |   107 ||   433
       Morningstar       |       |       |    26 ||    26
Throw: Boomerang         |       |    20 |       ||    20
       Javelin           |       |       |     4 ||     4
Evoke: Wand              |       |       |     5 ||     5
  Use: Scroll            |       |     2 |     1 ||     3
       Potion            |       |     1 |     3 ||     4
Armor: Scale mail        |    92 |    98 |    77 ||   267
Dodge: Dodged            |    82 |    74 |    73 ||   229
Block: Buckler           |    48 |    43 |    24 ||   115
